 Dungeon Crawl Stone Soup version 0.28.0-43-g3370ac3207 (webtiles) character file.

Game seed: 167529154044494665

140 tizbic2 the Insei (level 5, -1/33 HPs)
             Began as an Octopode Transmuter on Mar 9, 2022.
             Was an Initiate of Gozag.
             Slain by Sigmund
             ... wielding a +2 scythe of pain
              (13 damage)
             ... on level 3 of the Dungeon.
             The game lasted 00:12:04 (2971 turns).

tizbic2 the Insei (Octopode Transmuter)             Turns: 2971, Time: 00:12:05

Health: -1/33      AC:  1    Str: 11    XL:     5   Next: 23%
Magic:  7/8        EV: 13    Int: 16    God:    Gozag
Gold:   165        SH:  5    Dex: 12    Spells: 4/8 levels left

rFire   . . .      SeeInvis .     - Unarmed
rCold   + . .      Faith    .   (no shield)
rNeg    . . .      Spirit   .   (helmet currently unavailable)
rPois   .          Reflect  +   e - amulet of reflection
rElec   .          Harm     .   c - ring of protection from cold
rCorr   .          Rampage  .   (no ring)
Will    .....                   (no ring)
Stlth   ++........              (no ring)
HPRegen 0.11/turn               (no ring)
MPRegen 0.11/turn               (no ring)
                                (no ring)
                                (no ring)

@: appendages
A: tentacle spike 3, almost no armour, amphibious, 8 rings, camouflage 1,
gelatinous body 1, (nimble swimmer 1), tentacles
a: End Transformation, Renounce Religion, Potion Petition, Call Merchant, Bribe
Branch


You were on level 3 of the Dungeon.
You worshipped Gozag.
Gozag was aware of your devotion.
One of your tentacles had grown a beastly spike.
You visited 1 branch of the dungeon, and saw 3 of its levels.

You collected 165 gold pieces.

Inventory:

Hand Weapons
 w - a +0 dagger
Missiles
 b - 86 stones (quivered)
 f - 19 arrows
 i - 5 javelins
Jewellery
 c - a ring of protection from cold (left tentacle)
 e - an amulet of reflection (around mantle)
Scrolls
 a - a scroll of fear {unknown}
 g - 2 scrolls of silence {unknown}
 h - 2 scrolls of identify {unknown}
 j - a scroll of teleportation {unknown}
Potions
 d - a potion of mutation {unknown}


   Skills:
 - Level 1.0 Fighting
 - Level 2.0 Dodging
 * Level 4.7 Unarmed Combat
 + Level 2.2 Spellcasting
 + Level 0.9 Hexes
 * Level 3.3 Transmutations


You had 4 spell levels left.
You knew the following spells:

 Your Spells              Type           Power      Damage    Failure   Level
a - Beastly Appendage     Tmut           24%        N/A       5%          1
b - Spider Form           Tmut/Pois      7%         N/A       30%         3

Your spell library contained the following spells:

 Spells                   Type           Power      Damage    Failure   Level
 Wereblood                Tmut           12%        N/A       8%          2
 Slow                     Hex            16%        N/A       14%         1
 Passwall                 Tmut/Erth      5%         N/A       16%         2
 Ensorcelled Hibernation  Hex/Ice        6%         N/A       26%         2
 Confusing Touch          Hex            4%         N/A       38%         3
 Swiftness                Air            1%         N/A       52%         3
 Vampiric Draining        Necr           1%         2d6       52%         3
 Ice Form                 Ice/Tmut       7%         N/A       71%         4


Dungeon Overview and Level Annotations

Branches:
Dungeon (3/15)

Altars:
Gozag

Annotations:
D:3 Sigmund


Innate Abilities, Weirdness & Mutations

One of your tentacles has grown a beastly spike.
You cannot wear most types of armour.
You are amphibious.
You can wear up to eight rings at the same time.
Your skin changes colour to match your surroundings (Stealth+).
Your rubbery body absorbs attacks. (AC +1, EV +1)
((You are camouflaged when in or above water. (Stealth+)))
You have tentacles for arms and can constrict up to eight enemies at once.


Message History

Your magical contamination has completely faded away.
You start resting.
Your transformation is almost over.
Your tentacle spike disappears.
Magic restored.
You have 8 tentacles available for constriction.
Your movement speed is average.
Your attack delay is about 0.9.
Found a dagger.
Found a helmet.
HP restored.
A giant cockroach comes into view.
The helpless giant cockroach fails to defend itself.
You tentacle-slap the giant cockroach. You grab the giant cockroach.
The giant cockroach is moderately wounded.
You constrict the giant cockroach. The giant cockroach bites you.
You bludgeon the giant cockroach!
You kill the giant cockroach!
You now have 165 gold pieces (gained 8).
Found a stone staircase leading up.
Found a cloak.
You see here a +0 cloak.
You see here a +0 cloak.
Sigmund the Dreaded comes into view.
He is wielding a +2 scythe of pain.
You see here a +0 helmet.
Found 6 gold pieces.
Sigmund casts a spell.
Sigmund flickers and vanishes!
Deactivating autopickup; reactivate with Ctrl-A.
Casting: Beastly Appendage (safe; 5% risk of failure)
Confirm with . or Enter, or press ? or * to list all spells.
One of your tentacles grows a vicious spike.
Something hits you!
You hear some strange, mumbled words.
Something tries to affect you, but you resist.
You bludgeon something!
Your tentacle spike misses something.
Something hits you!
You closely miss something.
Your tentacle spike misses something.
You squeeze something. Something hits you!
You die...
Your body crumbles into a pile of gold.

#### $ .$########
$ #.........
#.≈≈≈≈≈≈≈≈ ..
#.≈....... ...
#@≈.#
.......##.≈.#
......##.≈.#
#........≈.# # ≈
#........≈[###.#.≈
#........≈.......≈
#........≈≈≈≈≈≈≈≈≈
#.................
#)..........#..###


There were no monsters in sight!

Vanquished Creatures
  Jessica (D:3)
  An iguana (D:3)
  4 adders (D:2)
  2 dart slugs (D:1)
  5 orcs (D:3)
  An endoplasm (D:1)
  4 giant cockroaches
  5 goblins
  A hobgoblin (D:2)
  2 kobolds
  A quokka (D:2)
  5 ball pythons
  3 bats
  4 frilled lizards (D:1)
  8 rats
47 creatures vanquished.

Notes
Turn   | Place    | Note
-------+----------+-------------------------------------------
     0 | D:1      | tizbic2 the Octopode Transmuter began the quest for the
                  | Orb.
     0 | D:1      | Reached XP level 1. HP: 13/13 MP: 3/3
   215 | D:1      | Reached XP level 2. HP: 14/18 MP: 1/5
  1077 | D:1      | Reached XP level 3. HP: 15/23 MP: 4/6
  1288 | D:1      | You fall into a shaft and drop 1 floor!
  1294 | D:2      | Reached skill level 4 in Unarmed Combat
  1504 | D:2      | Found a faded altar of an unknown god.
  1512 | D:2      | Prayed at the altar of an unknown god.
  1512 | D:2      | Became a worshipper of Gozag Ym Sagoz the Greedy
  1573 | D:2      | Reached XP level 4. HP: 12/28 MP: 7/7
  1773 | D:2      | Learned a level 3 spell: Spider Form
  2784 | D:3      | Noticed Jessica
  2792 | D:3      | Killed Jessica
  2793 | D:3      | Reached XP level 5. HP: 25/33 MP: 5/8
  2962 | D:3      | Noticed Sigmund
  2971 | D:3      | Slain by Sigmund

Illustrated notes

Levels and vault maps discovered:
D:1:      dpeg_arrival_tiny_j, layout_loops_ring, chequers_mini_garden,
          minmay_pentomino_u2
D:2:      layout_loops_cross, chequers_ecumenical_altar_simple
D:3:      layout_basic, lemuel_doored_altar, tso_altar,
          mainiacjoe_overflow_brackets, uniq_sigmund, uniq_grinder, uniq_jessica

Skill      XL: |  1  2  3  4 |
---------------+-------------+-----
Unarmed Combat | 4 |  4.7
Transmutations | 3 |  3.3
Fighting       | |  1.0
Dodging        | |  2.0
Spellcasting   | |  2.2
Hexes          | |  0.9

Action                   |  1- 3 |  4- 6 || total
-------------------------+-------+-------++-------
Melee: Club              |    17 |       ||    17
       Unarmed           |     6 |    13 ||    19
       Kick              |    15 |     8 ||    23
       Constrict         |    15 |    12 ||    27
       Tentacles         |    10 |    11 ||    21
       Short sword       |    42 |     5 ||    47
       Punch             |     1 |     1 ||     2
       Dagger            |       |    19 ||    19
       Hand axe          |       |     2 ||     2
Throw: Stone             |     3 |    17 ||    20
 Cast: Beastly Appendage |    13 |     6 ||    19
 Stab: Sleeping          |     6 |     2 ||     8
Armor: Skin              |     3 |     2 ||     5
Dodge: Dodged            |    32 |    18 ||    50
Block: Other             |    15 |     3 ||    18
